 Dungeon Crawl Stone Soup version 0.30-a0-613-gdd512c7efb (webtiles) character file.

Game seed: 11956876882601105842

113 porpoise the Trooper (level 4, -2/41 HPs)
             Began as a Gnoll Wanderer on Jan 9, 2023.
             Slain by a gnoll
             ... wielding a +0 spear
             ... led by a gnoll bouda
              (5 damage)
             ... on level 2 of the Dungeon.
             The game lasted 00:05:40 (2165 turns).

porpoise the Trooper (Gnoll Wanderer)               Turns: 2165, Time: 00:05:41

Health: -2/41      AC:  4    Str: 14    XL:     4   Next: 96%
Magic:  0/8        EV: 11    Int:  6    God:
Gold:   100        SH:  4    Dex: 12    Spells: 8/9 levels left

rFire   . . .      SeeInvis .    a - +0 whip (vamp)
rCold   . . .      Faith    .    r - +0 buckler
rNeg    + . .      Spirit   +    d - +0 leather armour
rPois   +          Reflect  .    (no helmet)
rElec   .          Harm     .    (no cloak)
rCorr   .          Rampage  .    (no gloves)
Will    +....                    b - +0 pair of boots
Stlth   ++                       k - amulet of guardian spirit
HPRegen 0.26/turn                n - ring "Vatasoad" {rPois rN+ Will+ Int-4}
MPRegen 0.11/turn                (no ring)

@: no status effects
A: fangs 1, strong nose, distributed training
a: no special abilities


You were on level 2 of the Dungeon.
You visited 1 branch of the dungeon, and saw 3 of its levels.

You collected 100 gold pieces.

Inventory:

Hand Weapons
 a - a +0 vampiric whip (weapon)
 e - a +0 mace
Missiles
 l - 5 boomerangs
 q - 6 poisoned darts
Armour
 b - a +0 pair of boots (worn)
 d - a +0 leather armour (worn)
 r - a +0 buckler (worn)
Jewellery
 k - an amulet of guardian spirit (around neck)
 n - the ring "Vatasoad" (left hand) {rPois rN+ Will+ Int-4}
   (You found it on level 2 of the Dungeon)

   [ring of poison resistance]

   Int:       It affects your intelligence (-4).
   rPois:     It protects you from poison.
   rN:        It protects you from negative energy.
   Will:      It increases your willpower.
Scrolls
 c - a scroll of fear
 g - 3 scrolls of identify {unknown}
 h - a scroll of blinking {unknown}
 m - a scroll of brand weapon {unknown}
 p - a scroll of silence {unknown}
Potions
 f - a potion of invisibility
 i - a potion of haste {unknown}
 j - a potion of attraction {unknown}
 o - a potion of berserk rage


   Skills:
 + Level 6.6 Fighting
 + Level 1.3 Short Blades
 + Level 1.3 Long Blades
 + Level 1.3 Axes
 + Level 2.9 Maces & Flails
 + Level 1.3 Polearms
 + Level 1.3 Staves
 + Level 1.3 Ranged Weapons
 + Level 1.3 Throwing
 + Level 1.3 Armour
 + Level 1.3 Dodging
 + Level 2.7 Stealth
 + Level 1.3 Shields
 + Level 1.3 Unarmed Combat
 + Level 3.1 Spellcasting
 + Level 1.1 Conjurations
 + Level 1.1 Hexes
 + Level 1.1 Summonings
 + Level 1.1 Necromancy
 + Level 1.1 Translocations
 + Level 1.1 Transmutations
 + Level 1.1 Fire Magic
 + Level 3.9 Ice Magic
 + Level 1.1 Air Magic
 + Level 1.1 Earth Magic
 + Level 1.1 Poison Magic
 + Level 4.8 Invocations
 + Level 1.3 Evocations


You had 8 spell levels left.
You knew the following spells:

 Your Spells              Type           Power      Damage    Failure   Level
a - Freeze                Ice            20%        1d4       12%         1

Your spell library contained the following spells:

 Spells                   Type           Power      Damage    Failure   Level
 Hailstorm                Conj/Ice       3%         3d3       54%         3
 Ice Form                 Ice/Tmut       3%         N/A       91%         4


Dungeon Overview and Level Annotations

Branches:
Dungeon (3/15)

Altars:

Shops:
D:2 [


Innate Abilities, Weirdness & Mutations

You have very sharp teeth.
Your uncanny sense of smell can sniff out nearby items.
Your experience applies equally to all skills.


Message History

You barely miss the gnoll. The gnoll hits you with a +0 spear.
* * * LOW HITPOINT WARNING * * *
You closely miss the gnoll. You block the gnoll's attack.
You hit the gnoll.
You feel better.
The gnoll is moderately wounded.
The gnoll hits you but does no damage.
You hit the gnoll.
You feel better.
The gnoll is moderately wounded.
The gnoll misses you.
You hit the gnoll.
You feel better.
The gnoll is moderately wounded.
The gnoll closely misses you.
You barely miss the gnoll. You bite the gnoll, but do no damage.
The gnoll is moderately wounded.
The gnoll hits you with a +0 spear.
* * * LOW HITPOINT WARNING * * *
You hit the gnoll but do no damage.
The gnoll is moderately wounded.
The gnoll hits you with a +0 spear.
* * * LOW HITPOINT WARNING * * *
You hit the gnoll but do no damage.
The gnoll is moderately wounded.
The gnoll hits you with a +0 spear.
* * * LOW HITPOINT WARNING * * *
You hit the gnoll.
The gnoll is heavily wounded.
The gnoll hits you with a +0 spear.
* * * LOW HITPOINT WARNING * * *
You hit the gnoll.
The gnoll is almost dead.
The gnoll hits you with a +0 spear.
* * * LOW HITPOINT WARNING * * *
You hit the gnoll but do no damage.
The gnoll is almost dead.
The gnoll hits you with a +0 spear.
* * * LOW HITPOINT WARNING * * *
You barely miss the gnoll.
The gnoll is almost dead.
The gnoll hits you with a +0 spear.
You die...

############ #..........#
#..........# ###..........#######
♣#####.......######.....#
~♣~............[@.).....#
~~♣♣..###...###g###.....#######
P~P~♣.##....#∩).# #.....#.....##
~P~P♣~......########..##.......##
~~~~♣~..######.......##.........#
~~~P♣♣### #####.####.........#
~~~♣~# ###.####...<†....# ~~)♣##
#................# P♣.#
##.#####..........#


You could see a gnoll.

Vanquished Creatures
  A gnoll bouda (D:2)
  3 gnolls (D:2)
  An adder (D:2)
  2 worms (D:2)
  A dart slug (D:2)
  3 endoplasms
  3 giant cockroaches
  4 goblins
  3 hobgoblins (D:1)
  2 quokkas (D:1)
  7 ball pythons
  4 bats
  2 frilled lizards
  3 kobolds (D:2)
  A rat (D:1)
40 creatures vanquished.

Vanquished Creatures (others)
  6 plants (D:2)
6 creatures vanquished.

Grand Total: 46 creatures vanquished

Notes
Turn   | Place    | Note
-------+----------+-------------------------------------------
     0 | D:1      | porpoise the Gnoll Wanderer began the quest for the Orb.
     0 | D:1      | porpoise set off with the following items: a +0 mace, a +0
                  | pair of boots, a scroll of fear, a +0 leather armour; and
                  | the following spell memorised: Freeze; and the following
                  | spells available to memorise: Hailstorm, Ice Form.
     0 | D:1      | Reached XP level 1. HP: 23/23 MP: 4/4
   146 | D:1      | Found a faded altar of an unknown god.
   189 | D:1      | Reached XP level 2. HP: 29/29 MP: 5/5
  1040 | D:2      | Reached XP level 3. HP: 27/35 MP: 7/7
  1218 | D:2      | Identified the ring "Vatasoad" {rPois rN+ Will+ Int-4}
  1527 | D:2      | Reached skill level 1 in Short Blades
  1527 | D:2      | Reached skill level 1 in Long Blades
  1527 | D:2      | Reached skill level 1 in Axes
  1527 | D:2      | Reached skill level 1 in Polearms
  1527 | D:2      | Reached skill level 1 in Staves
  1527 | D:2      | Reached skill level 1 in Ranged Weapons
  1527 | D:2      | Reached skill level 1 in Throwing
  1527 | D:2      | Reached skill level 1 in Armour
  1527 | D:2      | Reached skill level 1 in Dodging
  1527 | D:2      | Reached skill level 1 in Shields
  1527 | D:2      | Reached skill level 1 in Unarmed Combat
  1527 | D:2      | Reached skill level 1 in Evocations
  1607 | D:2      | Found Oklucot's Antique Armour Emporium.
  1648 | D:2      | Reached XP level 4. HP: 8/41 MP: 1/8
  1805 | D:2      | Reached skill level 1 in Conjurations
  1805 | D:2      | Reached skill level 1 in Hexes
  1805 | D:2      | Reached skill level 1 in Summonings
  1805 | D:2      | Reached skill level 1 in Necromancy
  1805 | D:2      | Reached skill level 1 in Translocations
  1805 | D:2      | Reached skill level 1 in Transmutations
  1805 | D:2      | Reached skill level 1 in Fire Magic
  1805 | D:2      | Reached skill level 1 in Air Magic
  1805 | D:2      | Reached skill level 1 in Earth Magic
  1805 | D:2      | Reached skill level 1 in Poison Magic
  1960 | D:2      | HP: 3/61 [gnoll bouda/+0 whip (11)]
  2164 | D:2      | HP: 2/41 [gnoll/+0 spear[a gnoll bouda] (2)]
  2165 | D:2      | Slain by a gnoll

Illustrated notes

Levels and vault maps discovered:
D:1:      giann_horns, layout_basic, nicolae_ecumenical_snake_handling
D:2:      layout_rooms, serial_shops, nicolae_shop_window_shopping,
          serial_bayou, serial_bayou_pond_d, serial_bayou_lake_a,
          serial_bayou_pond_a, serial_bayou_pond_e
D:3:      layout_basic, minmay_misc_feat_diagonals, serial_bayou_pond_d

Skill      XL: |  1  2  3  4 |
---------------+-------------+-----
Short Blades   | 1 |  1.3
Long Blades    | 1 |  1.3
Axes           | 1 |  1.3
Polearms       | 1 |  1.3
Staves         | 1 |  1.3
Ranged Weapons | 1 |  1.3
Throwing       | 1 |  1.3
Armour         | 1 |  1.3
Dodging        | 1 |  1.3
Shields        | 1 |  1.3
Unarmed Combat | 1 |  1.3
Evocations     | 1 |  1.3
Spellcasting   | 3 |  3.1
Conjurations   | 1 |  1.1
Hexes          | 1 |  1.1
Summonings     | 1 |  1.1
Necromancy     | 1 |  1.1
Translocations | 1 |  1.1
Transmutations | 1 |  1.1
Fire Magic     | 1 |  1.1
Air Magic      | 1 |  1.1
Earth Magic    | 1 |  1.1
Poison Magic   | 1 |  1.1
Fighting       | |  6.6
Maces & Flails | |  2.9
Stealth        | |  2.7
Ice Magic      | |  3.9
Invocations    | |  4.8

Action                   |  1- 3 |  4- 6 || total
-------------------------+-------+-------++-------
Melee: Whip              |   138 |    69 ||   207
       Bite              |    14 |    11 ||    25
  Use: Potion            |       |     2 ||     2
 Stab: Sleeping          |     4 |       ||     4
Armor: Leather armour    |    35 |     3 ||    38
Dodge: Dodged            |    68 |    35 ||   103
Block: Buckler           |     5 |    10 ||    15

Table legend: (Time is in decaauts)
 A = Elapsed time spent in this place.
 B = Non-inter-level travel time spent in this place.
 C = Inter-level travel time spent in this place.
 D = Time resting spent in this place.
 E = Time spent auto-exploring this place.
 F = Levels seen in this place.
 G = Mean time per level.
                   A        B        C        D        E       F      G
               +--------+--------+--------+--------+--------+-----+--------+
         Total |   2199 |   2164 |     35 |    516 |   1148 |   3 |  733.0 |
       Dungeon |   2199 |   2164 |     35 |    516 |   1148 |   3 |  733.0 |
               +--------+--------+--------+--------+--------+-----+--------+

Top non-repeatable levels by time:
     D:2: 1181 daAuts
     D:1: 999 daAuts
     D:3: 18 daAuts
